AoeStats
← marc.deliedekerke.lfgeb

Arena

510349533Analyzed
1v1 RM · 19h ago on Sep 30, 2026· 85m 30s· 2 players
Game mode
Random Map
Map size
Tiny (2 player)
Population
200
Speed
Normal
Resources
Standard
Victory
Conquest
Starting age
Dark Age
Ending age
Imperial Age
RankedLock teamsTeams togetherTeam positionsShared explorationLock speedFull tech treeHidden civsTurbo modeCheats
Victory
Defeat
🇨🇦 Portuguese · Canada
986
+14
🇳🇱 Cumans · Netherlands
941
-14
marc.deliedekerke.lfgeb
5:08 Loom
11:45 Feudal Age
11:50 Man-at-Arms
13:36 Scale Mail Armor
17:30 Horse Collar
17:37 Double-Bit Axe
23:45 Gold Mining
24:41 Wheelbarrow
24:42 Stone Mining
27:34 Castle Age
27:55 Fletching
28:06 Padded Archer Armor
28:27 Thumb Ring
30:21 Bow Saw
30:32 Capped Ram
31:16 Long Swordsman
32:18 Leather Archer Armor
32:43 Squires
34:02 Forging
35:45 Hand Cart
35:44 Bodkin Arrow
36:12 Ballistics
36:49 Chain Mail Armor
40:41 Imperial Age
40:37 Scale Barding Armor
41:09 Iron Casting
41:20 Gold Shaft Mining
40:45 Siege Ram
40:55 Elite Kipchak
41:21 Cavalier
43:05 Ring Archer Armor
45:38 Cuman Mercenaries
45:14 Two-Handed Swordsman
47:02 Chemistry
46:26 Chain Barding Armor
47:07 Blast Furnace
46:20 Bloodlines
46:33 Champion
48:14 Conscription
48:28 Conscription
49:05 Plate Barding Armor
49:00 Plate Mail Armor
48:44 Heavy Plow
49:46 Two-Man Saw
49:26 Paladin
53:04 Hoardings
52:45 Masonry
55:29 Siege Ram
58:55 Onager
61:01 Siege Onager
68:00 Light Cavalry
68:43 Steppe Husbandry
74:59 Elite Skirmisher
76:15 Hussar
Deepu1205
13:15 Feudal Age
14:49 Man-at-Arms
18:28 Castle Age
37:57 Imperial Age
40:27 Chemistry
39:40 Masonry
39:36 Siege Engineers
40:27 Wheelbarrow
39:38 Town Watch
39:40 Loom
40:22 Horse Collar
40:35 Double-Bit Axe
40:43 Gold Mining
40:49 Stone Mining
41:22 Bow Saw
41:19 Heavy Plow
43:09 Two-Man Saw
43:34 Arquebus
45:02 Hand Cart
46:29 Elite Organ Gun
53:04 Architecture
53:12 Crop Rotation
53:23 Fortified Wall
54:17 Town Patrol
55:18 Pikeman
55:54 Halberdier
56:51 Forging
56:42 Scale Mail Armor
58:21 Iron Casting
59:08 Chain Mail Armor
59:54 Blast Furnace
60:26 Plate Mail Armor
70:34 Long Swordsman
77:21 Murder Holes
Connection lost

Rejoining the realm…

Still unreachable

The connection could not be restored.

Session expired

The server has moved on; the page needs a fresh start.